 Dungeon Crawl Stone Soup version 0.17.0-56-gd8de76c (webtiles) character file.

39 coffecat the Ducker (level 3, -10/17 HPs)
             Began as a Felid Berserker on Dec 7, 2015.
             Was an Initiate of Elyvilon.
             Mangled by a polar bear (20 damage)
             ... created by the rage of Trog
             ... on level 2 of the Dungeon.
             The game lasted 00:03:27 (1460 turns).

coffecat the Ducker (Felid Berserker)               Turns: 1460, Time: 00:03:27

Health: -10/17     AC:  1    Str: 13 (14) XL:     3   Next: 26%
Magic:  4/4        EV: 19    Int:  8      God:    Elyvilon [......]
Gold:   109        SH:  0    Dex: 15      Spells: 0 memorised, 2 levels left
                                        Lives:  0   Deaths: 0

rFire  . . .     SeeInvis +       - Unarmed
rCold  . . .     Clarity  .     (armour unavailable)
rNeg   . . .     SustAt   .     (shield unavailable)
rPois  .         Gourm    .     (helmet unavailable)
rElec  .         Spirit   .     (cloak unavailable)
rCorr  .         Warding  .     (gloves unavailable)
rMut   .         Stasis   .     (boots unavailable)
MR     .....                    (no amulet)
Stlth  ++........               (no ring)
                                (no ring)

@: quick, not resistant to hostile enchantments, unstealthy
A: no armour, no weapons or thrown items, claws 1, fangs 3, see invisible,
carnivore 3, speed 1, shaggy fur 1, slow metabolism 1, sharp paws
a: Renounce Religion


You were on level 2 of the Dungeon.
You worshipped Elyvilon.
Elyvilon was noncommittal.
You were completely stuffed.

You visited 1 branch of the dungeon, and saw 2 of its levels.

You collected 109 gold pieces.

Inventory:

Jewellery
 d - an uncursed ring of protection from cold {unknown}
Scrolls
 g - a scroll of teleportation {unknown}
 h - 2 scrolls of enchant armour {unknown}
Potions
 c - a potion of might {unknown}
 e - a potion of curing {unknown}
Comestibles
 a - a meat ration
 b - 2 beef jerkies
 f - 2 chunks of flesh


   Skills:
 + Level 3.6 Fighting
 + Level 4.2 Dodging
 + Level 3.6 Unarmed Combat


You had 2 spell levels left.
You didn't know any spells.

Dungeon Overview and Level Annotations

Branches:
Dungeon (2/15)

Altars:
Elyvilon
The Shining One


Innate Abilities, Weirdness & Mutations

You cannot wear armour.
You are incapable of wielding weapons or throwing items.
You have sharp claws.
You have razor-sharp teeth.
You have supernaturally acute eyesight.
You are carnivorous and can eat meat at any time.
You cover ground quickly.
You are covered in fur (AC +1).
You have a slow metabolism.
Your sharp claws are effective at attacking unaware monsters.


Message History

The kobold barely misses you.
Found 16 stones.
The kobold hits you.
You closely miss the kobold. The kobold hits you.
You barely miss the kobold. The kobold misses you.
You scratch the kobold.
The kobold is almost dead.
The kobold hits you.
You miss the kobold.
The kobold is almost dead.
The kobold closely misses you.
You claw the kobold!
You kill the kobold!
You start resting.
Trog sends monsters to punish you. 3 polar bears and a black bear come into view.
The polar bear rages.
The polar bear bites you!!
Ouch! That really hurt!
You die...

(# #...#.### ###.#
#...#.# # ##########...#
#.#.#.# #
.............#<.[#...# #
.............#####...###
...........(.#........##
.............#.###[..%.#
...$..$.h.h..#.# ##.##.#
(..[?.[@.h.h.#.# #.##.#
.............#.# #..#.#
###....#.....#.#####.#.#
#.............)....#.#
#......^.....#####.#.#
#.............# #...#
###########...# #...#
#...# #.(.# #...# #.#.#


You could see 3 polar bears and a black bear (berserk).

Vanquished Creatures
  An ooze (D:1)
  A worm (D:2)
  A ball python (D:1)
  6 goblins
  4 hobgoblins (D:1)
  8 kobolds
  A quokka (D:2)
  2 bats
  A giant gecko (D:1)
  A giant newt (D:2)
  2 jackals (D:2)
  4 rats
32 creatures vanquished.

Notes
Turn   | Place    | Note
--------------------------------------------------------------
     0 | D:1      | coffecat the Felid Berserker began the quest for the Orb.
     0 | D:1      | Reached XP level 1. HP: 10/10 MP: 2/2
    38 | D:1      | Reached XP level 2. HP: 7/14 MP: 3/3
   587 | D:1      | Found a glowing golden altar of the Shining One.
   952 | D:2      | Found a white marble altar of Elyvilon.
  1036 | D:2      | Fell from the grace of Trog
  1036 | D:2      | Became a worshipper of Elyvilon the Healer
  1148 | D:2      | Reached XP level 3. HP: 14/17 MP: 4/4
  1458 | D:2      | Noticed a polar bear
  1458 | D:2      | Noticed a polar bear
  1458 | D:2      | Noticed a polar bear
  1458 | D:2      | Noticed a black bear
  1460 | D:2      | Mangled by a polar bear

Action                   || total
-------------------------++-------
Melee: Unarmed           ||    82
 Stab: Sleeping          ||     2
  Eat: Chunk             ||     8
